 Dungeon Crawl Stone Soup version 0.24.1-14-gf8d2b509d9 (webtiles) character file.

Game seed: 7218017435519325525, levelgen mode: deterministic

48 KlarStein the Conjurer (level 3, -3/20 HPs)
             Began as a Deep Elf Conjurer on Dec 3, 2020.
             Slain by a gnoll
             ... wielding a +0 whip
              (6 damage)
             ... on level 2 of the Dungeon.
             The game lasted 00:14:26 (924 turns).

KlarStein the Conjurer (Deep Elf Conjurer)           Turns: 924, Time: 00:14:26

Health: -3/20      AC:  2    Str:  5    XL:     3   Next: 50%
Magic:  1/10       EV: 13    Int: 19    God:
Gold:   39         SH:  3    Dex: 16    Spells: 8/9 levels left

rFire    . . .     SeeInvis .   j - +0 hunting sling
rCold    . . .     Gourm    .   k - +0 buckler
rNeg     . . .     Faith    .   a - +0 robe
rPois    .         Spirit   .   (no helmet)
rElec    .         Reflect  .   (no cloak)
rCorr    .         Harm     .   (no gloves)
MR       .....                  (no boots)
Stlth    ++........             (no amulet)
HPRegen  0.06/turn              (no ring)
MPRegen  0.12/turn              (no ring)

@: very slightly contaminated
A: no striking features
a: no special abilities


You were on level 2 of the Dungeon.
You were not hungry.

You visited 1 branch of the dungeon, and saw 2 of its levels.

You collected 39 gold pieces.

Inventory:

Hand Weapons
 d - a +0 dagger
 e - a +0 short sword
 j - a +0 hunting sling (weapon)
Missiles
 f - 73 stones
 i - 5 poisoned darts (quivered)
Armour
 a - a +0 robe (worn)
 k - a +0 buckler (worn)
Jewellery
 h - a cursed ring of teleportation {unknown}
Scrolls
 l - a scroll of noise {unknown}
 m - 2 scrolls of identify {unknown}
Potions
 b - a potion of lignification {unknown}
 g - 2 potions of agility {unknown}
Comestibles
 c - 2 rations


   Skills:
 + Level 1.0 Fighting
 + Level 3.0 Dodging
 + Level 3.1 Stealth
 + Level 3.5 Spellcasting
 + Level 4.7 Conjurations


You had 8 spell levels left.
You knew the following spells:

 Your Spells              Type           Power        Failure   Level  Hunger
a - Magic Dart            Conj           ###.         3%          1    None

Your spell library contained the following spells:

 Spells                   Type           Power        Failure   Level  Hunger
 Searing Ray              Conj           ###...       5%          2    ##.....
 Dazzling Spray           Conj/Hex       ##....       28%         3    ###....
 Iskenderun's Mystic Bla  Conj           ###.....     34%         4    ####...
 Force Lance              Conj/Tloc      ##......     67%         4    ####...
 Fulminant Prism          Conj/Hex       ##........   67%         4    ####...


Dungeon Overview and Level Annotations

Branches:
Dungeon (2/15)

Altars:


Message History

You throw a poisoned dart.
The poisoned dart barely misses the gnoll.
The poisoned dart hits the gnoll.
The gnoll is poisoned.
The gnoll hits you with a +0 whip.
Throwing (i - inventory. (/) - cycle)
i - 6 poisoned darts (quivered)
Press: ? - help, Shift-Dir - straight line, f/p - gnoll
Aim: a gnoll, wielding a +0 whip You throw a poisoned dart.
The poisoned dart hits the gnoll.
The gnoll hits you with a +0 whip.
* * * LOW HITPOINT WARNING * * *
The gnoll looks more healthy.
Casting: Magic Dart (safe; 3% risk of failure)
Confirm with . or Enter, or press ? or * to list all spells.
Aiming: Magic Dart (safe; 3% risk of failure)
Press: ? - help, Shift-Dir - straight line, f/p - gnoll
Aim: a gnoll, wielding a +0 whip The magic dart hits the gnoll.
The gnoll is lightly wounded.
The gnoll hits you with a +0 whip.
You die...

#.# #....# ..... #.#
#....###..... ##.####....##..?...
##### #..#............((( #...#
#.##.##....##..g###
########...####........#.g.g.....
...................#.#.#.########
########...#...###.###.#.######
................@gg..(.(...(...)
......######...###.#.###.##.#.##
.....(### #...# #...# #.# #
........# ##### #...# #.#
####....# #...# #.# #....# #.#..
..# #....# #.#.##### #....# #....
#....#


You could see 2 gnolls.

Vanquished Creatures
  2 gnolls (D:2)
  A ball python (D:1)
  A giant cockroach (D:1)
  4 goblins (D:1)
  4 hobgoblins (D:1)
  A quokka (D:2)
  3 bats (D:1)
  7 kobolds (D:1)
  8 rats
31 creatures vanquished.

Notes
Turn   | Place    | Note
-------+----------+-------------------------------------------
     0 | D:1      | KlarStein the Deep Elf Conjurer began the quest for the
                  | Orb.
     0 | D:1      | Reached XP level 1. HP: 10/10 MP: 6/6
   321 | D:1      | Reached XP level 2. HP: 16/16 MP: 5/8
   898 | D:2      | Reached XP level 3. HP: 20/20 MP: 7/9
   916 | D:2      | Reached skill level 1 in Fighting
   924 | D:2      | Slain by a gnoll

Levels and vault maps discovered:
D:1:      lemuel_arrival_muddy, layout_rooms
D:2:      layout_basic

Skill      XL: |  1  2  3 |
---------------+----------+-----
Stealth        | 3 |  3.1
Dodging        | 3 |  3.0
Fighting       | 1 |  1.0
Spellcasting   | |  3.5
Conjurations   | |  4.7

Action                   || total
-------------------------++-------
Melee: Unarmed           ||    15
       Short sword       ||     6
 Fire: Hunting sling     ||    12
Throw: Dart              ||     3
 Cast: Magic Dart        ||    46
Armor: Robe              ||     1
Dodge: Dodged            ||    20
